 Dungeon Crawl Stone Soup version 0.31.0-11-ge490571c62 (webtiles) character file.

Game seed: 1110642185144098711

60 qw the Shooter (level 3, 0/18 HPs)
             Began as a Spriggan Hunter on Feb 3, 2024.
             Succumbed to their own poison gas
             ... on level 2 of the Dungeon.
             The game lasted 00:00:05 (1388 turns).

qw the Shooter (Spriggan Hunter)                    Turns: 1388, Time: 00:00:05

Health: 0/18       AC:  2    Str:  7    XL:     3   Next: 80%
Magic:  4/4        EV: 19    Int: 10    God:
Gold:   77         SH:  0    Dex: 20    Spells: 2/2 levels left

rFire   + . .        b - +0 arbalest (elec)
rCold   + . .        (shield currently unavailable)
rNeg    . . .        c - +0 robe
rPois   .            (helmet restricted)
rElec   .            d - scarf {rC+ rF+}
rCorr   .            (gloves unavailable)
SInv    +            (boots unavailable)
Will    .....        g - amulet of guardian spirit
Stlth   ++           (no ring)
HPRegen 0.23/turn    (no ring)
MPRegen 0.09/turn

%: guardian spirit
@: lethally poisoned (0 -> -2), very quick
A: very small, no large weapons, unfitting armour, see invisible, speed 3
a: no special abilities


You were on level 2 of the Dungeon.
You visited 1 branch of the dungeon, and saw 2 of its levels.

You collected 77 gold pieces.


Innate Abilities, Weirdness & Mutations

You are very small and have problems with some larger weapons.
You are too small for most types of armour.
You have supernaturally acute eyesight. (SInv)
You cover ground extremely quickly. (Speed+++)


   Skills:
 - Level 1.5 Fighting
 - Level 5.0 Ranged Weapons
 + Level 4.0 Dodging
 - Level 1.5 Stealth


You had 2 spell levels left.
You didn't know any spells.
Your spell library was empty.

Inventory:

Hand Weapons
 b - a +0 arbalest of electrocution (weapon)
Armour
 c - a +0 robe (worn)
 d - a scarf of resistance (worn)
Jewellery
 g - an amulet of guardian spirit (around neck)
Potions
 f - a potion of resistance {unknown}
 h - a potion of haste

Dungeon Overview and Level Annotations

Branches:
Dungeon (2/15)

Altars:


Message History

Done exploring.
What level of the Dungeon? (default 2, ? - help) Sorry, I don't know how to get there.
Enter note:
Enter note:
Enter note:
Enter note:
Enter note:
Enter note:
Enter note:
Enter note:
Enter note:
Enter note:
Enter note:
Enter note:
Enter note:
Enter note:
Enter note: You are engulfed in poison gas.
You are poisoned.
You feel very sick.
Enter note:
Enter note:
1381 ||| Stepping ~*~*~tactically~*~*~ (cloud).
You feel sick.
Things that are here:
a scroll of noise; a +1 shortbow; a scarf of invisibility
There is a lethal amount of poison in your body!
You feel very sick.
There is a lethal amount of poison in your body!
You feel sick.
There is a lethal amount of poison in your body!
You feel sick.
There is a lethal amount of poison in your body!
You feel sick.
There is a lethal amount of poison in your body!
You feel sick.
There is a lethal amount of poison in your body!
You feel sick.
There is a lethal amount of poison in your body!
You die...

..##..##.# #.#.#.#
..##..##.# #¤#¤#.#
..##..##.####¤#0#<#
..'...##.##.00#0#.#
..##..##.....0¤0..#
####..##......00#.#
......#..#.####¤#.#
#####...##.####¤#.#
....#....¤¤0¤¤¤¤@0#
.........00¤0##¤#0#
....#.####.#.##0#¤#
'####.# #.#.##0#.#
.# ##.####.#.##¤###
.###..........0¤#
......####.#.##0#
.....## #.#.##.#
.###.#
#.#.##.#######


There were no monsters in sight!

Vanquished Creatures
  2 adders (D:2)
  A dart slug (D:2)
  4 endoplasms
  A giant cockroach (D:1)
  6 goblins
  5 hobgoblins
  2 quokkas (D:1)
  4 ball pythons
  2 bats (D:1)
  5 kobolds
  3 rats
35 creatures vanquished.

Notes
Turn   | Place    | Note
-------+----------+-------------------------------------------
     0 | D:1      | qw the Spriggan Hunter began the quest for the Orb.
     0 | D:1      | Reached XP level 1. HP: 10/10 MP: 2/2
     0 | D:1      | 0 ||| qw: Version: 0.3-a-157-g843a77d
     0 | D:1      | 0 ||| qw: Game counter: 3918
     0 | D:1      | 0 ||| qw: Melee chars always use a shield: true
     0 | D:1      | 0 ||| qw: God list: Okawaru
     0 | D:1      | 0 ||| qw: Allow faded altars: false
     0 | D:1      | 0 ||| qw: Do Orc after clearing Dungeon:15 true
     0 | D:1      | 0 ||| qw: Do second Lair branch before Depths: true
     0 | D:1      | 0 ||| qw: Lair rune preference: random
     0 | D:1      | 0 ||| qw: Goals: Normal
     0 | D:1      | 0 ||| PLANNING D:1-11
    27 | D:1      | Reached skill level 3 in Dodging
   116 | D:1      | Reached XP level 2. HP: 14/14 MP: 3/3
   594 | D:1      | 594 ||| UPGRADING to scarf of resistance.
   599 | D:1      | 599 ||| UPGRADING to amulet of guardian spirit.
   604 | D:1      | 604 ||| READING scroll labelled EGITWU EHENYCIA.
   609 | D:1      | 609 ||| READING scroll labelled KUDDUS APAZOT.
   609 | D:1      | 609 ||| IDENTIFYING purple potion
   610 | D:1      | 610 ||| DRINKING 2 black potions.
   611 | D:1      | 611 ||| DROPPING scroll of butterflies.
   612 | D:1      | 612 ||| DROPPING potion of brilliance.
   631 | D:2      | Found a faded altar of an unknown god.
   784 | D:2      | Reached XP level 3. HP: 18/18 MP: 4/4
  1212 | D:2      | Reached skill level 5 in Ranged Weapons
  1369 | D:2      | 1369 ||| DROPPING scarf of invisibility.
  1370 | D:2      | 1370 ||| READING scroll labelled PUUNUO DODUR.
  1371 | D:2      | 1371 ||| READING scroll labelled XOFETUHEOS.
  1371 | D:2      | 1371 ||| ENCHANTING +0 shortbow.
  1372 | D:2      | 1372 ||| READING scroll labelled YMOLAECYSMU.
  1372 | D:2      | Identified a scroll of acquirement
  1372 | D:2      | 1372 ||| ACQUIRING +0 arbalest of electrocution
  1372 | D:2      | Acquired a +0 arbalest of electrocution
  1374 | D:2      | 1374 ||| SWAPPING to +0 arbalest of electrocution.
  1375 | D:2      | 1375 ||| DROPPING +1 shortbow.
  1376 | D:2      | 1376 ||| READING 2 scrolls labelled PEBOAH GATE.
  1377 | D:2      | 1377 ||| READING scroll labelled GYBLYE RAMAOPU.
  1378 | D:2      | 1378 ||| READING scroll labelled JUS EXKEKIES.
  1379 | D:2      | 1379 ||| DROPPING scroll of noise.
  1381 | D:2      | 1381 ||| Stepping ~*~*~tactically~*~*~ (cloud).
  1385 | D:2      | HP: 3/18 [poisoned by you (poison gas)]
  1387 | D:2      | HP: 1/18 [poisoned by you (poison gas)]
  1388 | D:2      | Succumbed to their own poison gas

Levels and vault maps discovered:
D:1:      amcnicky_arrival_gap_in_the_tavern_cellar, layout_loops_ring,
          moated_statue
D:2:      layout_basic, basic_ecumenical_altar

Skill      XL: |  1  2  3 |
---------------+----------+-----
Dodging        | 3 4 |  4.0
Ranged Weapons | 5 |  5.0
Fighting       | |  1.5
Stealth        | |  1.5

Action                     || total
---------------------------++-------
   Fire: Shortbow          ||    90
    Use: Scroll            ||     8
         Potion            ||     1
 Armour: Robe              ||     4
  Dodge: Dodged            ||    14

Table legend:
 A = Non-vault XP
 B = Vault XP
 C = Vault XP percentage of total XP
 D = Non-vault monster count
 E = Vault monster count
 F = Vault count percentage of total count
                 A         B        C        D         E       F
            +---------+---------+-------+---------+---------+-------
      Total |      86 |       0 |   0.0 |      35 |       0 |   0.0
            +---------+---------+-------+---------+---------+-------
        D:1 |      36 |       0 |   0.0 |      21 |       0 |   0.0
        D:2 |      50 |       0 |   0.0 |      14 |       0 |   0.0
            +---------+---------+-------+---------+---------+-------
